WCHLSIM.com - West Coast Hockey League
html PUBLIC "-//W3C//DTD XHTML 1.0 Transitional//EN" "http://www.w3.org/TR/xhtml1/DTD/xhtml1-transitional.dtd"> WCHL - Game 1015 - WINNIPEG BEAVERS vs OKANAGAN RATTLESNAKES

WINNIPEG BEAVERS vs OKANAGAN RATTLESNAKES

Created - 13 mars 2024 at 21:07

Goals
1 2 3 T
WINNIPEG BEAVERS 0 1 0 1
OKANAGAN RATTLESNAKES 1 3 1 5
Shots
1 2 3 T
WINNIPEG BEAVERS 13 8 13 34
OKANAGAN RATTLESNAKES 12 9 9 30

1st period

1. OKANAGAN RATTLESNAKES , Anders Lee 32 (Esa Lindell 19, Oskar Sundqvist 6) at 13:36 (PP)

Penalties :
Adam Larsson (WIN) for Slashing (Minor) at 13:16

2nd period

2. OKANAGAN RATTLESNAKES , Kevin Labanc 7 (Stefan Noesen 14, Colton Parayko 30) at 0:28
3. WINNIPEG BEAVERS , Caleb Jones 2 (Luke Schenn 10, Brandon Saad 11) at 0:48
4. OKANAGAN RATTLESNAKES , Casey Cizikas 9 (Stefan Noesen 15, Jeremy Lauzon 11) at 15:26
5. OKANAGAN RATTLESNAKES , Blake Coleman 17 (Mike Hoffman 20, Colton Parayko 31) at 19:23 (PP)

Penalties :
Victor Hedman (WIN) for Hooking (Minor) at 1:02, Jeremy Lauzon (OKA) for Hooking (Minor) at 10:31, Casey Cizikas (OKA) for Tripping (Minor) at 17:00, Sean Kuraly (WIN) for Slashing (Minor) at 19:04

3rd period

6. OKANAGAN RATTLESNAKES , Kevin Labanc 8 (Stefan Noesen 16, Casey Cizikas 26) at 1:01

Penalties :
Adam Larsson (WIN) for Tripping (Minor) at 1:12, Adam Larsson (WIN) for Holding (Minor) at 16:27, Jordie Benn (OKA) for Hooking (Minor) at 18:53

Goalie Stats

Ville Husso (WIN), 6 saves from 8 shots - (0,750), 18:55 minutes
Logan Thompson (WIN), 19 saves from 22 shots - (0,864), L, 2-2-0, 41:05 minutes
James Reimer (OKA), 33 saves from 34 shots - (0,971), W, 21-31-6, 60:00 minutes

Players Stats for WINNIPEG BEAVERS

Player Name              G  A  P  +/- PIM S  H  SB GA TA FO     MP     PP MP  PK MP  
------------------------------------------------------------------------------------
Adam Larsson             0  0  0  -1  6   0  1  1  0  0  0/0    21:28   2:56   1:13 
Brandon Saad             0  1  1  -1  0   2  0  0  0  0  0/0    17:23   3:01   0:00 
Brayden Schenn           0  0  0  -1  0   7  2  0  0  0  17/32  22:08   2:03   0:00 
Cal Clutterbuck          0  0  0   0  0   0  1  1  0  0  0/1     6:14   0:00   0:00 
Caleb Jones              1  0  1   1  0   2  0  2  0  0  0/0    15:11   0:00   3:24 
David Perron             0  0  0  -1  0   2  2  0  0  0  0/0    16:52   3:01   0:00 
Derick Brassard          0  0  0   0  0   0  0  0  0  0  2/3    14:12   0:00   0:19 
Erik Gustafsson          0  0  0  -1  0   1  2  1  0  0  0/0    20:29   2:56   0:00 
John Carlson             0  0  0  -2  0   3  1  0  0  0  0/0    24:18   2:08   3:10 
Jonathan Audy-Marchessau 0  0  0  -1  0   2  0  0  0  0  0/2    19:48   2:03   3:23 
Luke Schenn              0  1  1   1  0   0  4  0  0  0  0/0    15:13   0:00   3:26 
Matthew Nieto            0  0  0   0  0   0  0  0  0  0  0/2     6:14   0:00   0:00 
Nikolaj Ehlers           0  0  0  -1  0   3  1  0  0  0  1/2    19:07   2:03   3:13 
Sam Bennett              0  0  0  -1  0   6  2  0  0  0  18/28  20:46   3:01   3:23 
Sean Kuraly              0  0  0   0  2   1  1  0  0  0  10/16  16:46   0:00   2:54 
Sebastien Aho            0  0  0   0  0   0  0  0  0  0  0/0     0:00   0:00   0:00 
Trevor Lewis             0  0  0   0  0   2  2  0  0  0  0/0    13:53   0:00   0:00 
Victor Hedman            0  0  0  -2  2   3  2  1  0  0  0/0    23:17   2:08   1:59 

Players Stats for OKANAGAN RATTLESNAKES

Player Name              G  A  P  +/- PIM S  H  SB GA TA FO     MP     PP MP  PK MP  
------------------------------------------------------------------------------------
Adam Clendening          0  0  0   2  0   0  0  0  0  0  0/0    16:46   0:00   0:12 
Anders Lee               1  0  1   0  0   4  0  0  0  0  0/1    21:57   3:53   1:36 
Arber Xhekaj             0  0  0  -1  0   0  3  0  0  0  0/0    18:57   3:36   1:57 
Blake Coleman            1  0  1  -1  0   3  1  0  0  0  2/5    19:05   2:43   1:01 
Casey Cizikas            1  1  2   3  2   2  0  0  0  0  10/20  16:09   3:53   2:07 
Colton Parayko           0  2  2   1  0   2  1  0  0  0  0/0    23:43   3:00   2:55 
Esa Lindell              0  1  1   1  0   2  2  1  0  0  0/0    23:43   3:36   2:19 
Jeremy Lauzon            0  1  1   2  2   0  4  3  0  0  0/0    21:27   3:00   1:54 
Jordie Benn              0  0  0  -1  2   0  1  0  0  0  0/0    14:14   0:00   0:51 
Jujhar Khaira            0  0  0   0  0   1  1  0  0  0  7/17   17:12   0:00   0:00 
Kevin Labanc             2  0  2   3  0   5  0  0  0  0  0/1    10:10   0:00   0:00 
Lars Eller               0  0  0  -1  0   1  1  1  0  0  14/23  18:56   2:43   1:36 
Mike Hoffman             0  1  1  -1  0   5  0  0  0  0  2/3    17:40   2:43   0:20 
Nazem Kadri              0  0  0   0  0   2  0  0  0  0  0/1     6:55   0:00   0:00 
Oskar Sundqvist          0  1  1   0  0   0  0  0  0  0  2/14   14:16   3:53   3:28 
Pierre-Edouard Bellemare 0  0  0   0  0   0  2  0  0  0  0/0     6:55   0:00   0:00 
Stefan Noesen            0  3  3   3  0   2  0  0  0  0  0/0     9:36   0:00   0:00 
T.J. Oshie               0  0  0   0  0   1  1  0  0  0  1/1    17:12   0:00   0:00 

3 Stars

1 - Kevin Labanc (OKA)
2 - Stefan Noesen (OKA)
3 - James Reimer (OKA)

Power Play

WINNIPEG BEAVERS - 0 on 3 Attempt(s) - 0,00%
OKANAGAN RATTLESNAKES - 2 on 5 Attempt(s) - 40,00%

Penalty Kill

WINNIPEG BEAVERS - 3 on 5 Attempt(s) - 60,00% - Score 0 goal in Penalty Kill
OKANAGAN RATTLESNAKES - 3 on 3 Attempt(s) - 100,00% - Score 0 goal in Penalty Kill

Team Stat

WINNIPEG BEAVERS - Hits : 21 - Faceoff Wins : 48 - Blocked Shots : 6 - Penalty Minutes : 10
OKANAGAN RATTLESNAKES - Hits : 17 - Faceoff Wins : 38 - Blocked Shots : 5 - Penalty Minutes : 6

Official

Referees : Jean Hebert and Dan Kelly
Linesman : Brad Kovachik and Ryan Gibbons

Game Notes

Ville Husso enters game at 0:28 of 2nd period
Logan Thompson enters game at 19:23 of 2nd period

Finance

Level 1 -- Attendance: 4574 (76,23%) -- Ticket Income 914 800 $
Level 2 -- Attendance: 4715 (94,30%) -- Ticket Income 589 375 $
Level 3 -- Attendance: 1837 (91,85%) -- Ticket Income 200 233 $
Level 4 -- Attendance: 3554 (88,85%) -- Ticket Income 245 226 $
Luxury Box -- Attendance: 1000 (100,00%) -- Ticket Income 300 000 $
Total Attendance: 15680 (87,11%)
Total Ticket Income: 2 249 634 $
Other Expense: 22 496 $
Total Income: 2 227 138 $

WINNIPEG BEAVERS

5 vs 5 Forward 
   Center                   Left Wing                Right Wing               Time % Phy DF OF 
 1 Brayden Schenn           Nikolaj Ehlers           David Perron             36     1   2  2  
 2 Sam Bennett              Brandon Saad             Jonathan Audy-Marchessaul34     1   2  2  
 3 Sean Kuraly              Derick Brassard          Trevor Lewis             27     1   3  1  
 4 Brayden Schenn           Matthew Nieto            Cal Clutterbuck          3      2   2  1  

5 vs 5 Defense 
   Defense                  Defense                                           Time % Phy DF OF 
 1 Victor Hedman            Erik Gustafsson                                   35     1   2  2  
 2 John Carlson             Adam Larsson                                      34     1   2  2  
 3 Luke Schenn              Caleb Jones                                       23     1   4  0  
 4 Victor Hedman            John Carlson                                      8      1   2  2  

PowerPlay Forward 
   Center                   Left Wing                Right Wing               Time % Phy DF OF 
 1 Brayden Schenn           Nikolaj Ehlers           Jonathan Audy-Marchessaul52     0   1  4  
 2 Sam Bennett              Brandon Saad             David Perron             48     1   1  3  

PowerPlay Defense
   Defense                  Defense                                           Time % Phy DF OF 
 1 Victor Hedman            John Carlson                                      55     1   2  2  
 2 Adam Larsson             Erik Gustafsson                                   45     1   2  2  

Penalty Kill 4 Players Forward 
   Center                   Wing                     Time % Phy DF OF 
 1 Sam Bennett              Jonathan Audy-Marchessaul51     0   4  1  
 2 Sean Kuraly              Nikolaj Ehlers           49     1   4  0  

Penalty Kill 4 Players Defense
   Defense                  Defense                  Time % Phy DF OF 
 1 Victor Hedman            John Carlson             51     1   2  2  
 2 Adam Larsson             Luke Schenn              49     1   4  0  

Penalty Kill - 3 Players Forward 
   Forward                                           Time % Phy DF OF 
 1 Brayden Schenn                                    55     1   2  2  
 2 Sean Kuraly                                       45     1   2  2  

Penalty Kill - 3 Players Defense
   Defense                  Defense                  Time % Phy DF OF 
 1 Victor Hedman            John Carlson             55     1   2  2  
 2 Adam Larsson             Erik Gustafsson          45     1   2  2  

4 vs 4 Forward 
   Center                   Wing                     Time % Phy DF OF 
 1 Brayden Schenn           Brandon Saad             55     1   2  2  
 2 Jonathan Audy-MarchessaulSam Bennett              45     1   2  2  

4 vs 4 Defense
   Defense                  Defense                  Time % Phy DF OF 
 1 Victor Hedman            John Carlson             55     1   2  2  
 2 Adam Larsson             Erik Gustafsson          45     1   2  2  

Last Minutes Offensive
   Center                   Left Wing                Right Wing               Defense                  Defense                  
   Brayden Schenn           Nikolaj Ehlers           Jonathan Audy-MarchessaulVictor Hedman            John Carlson             

Last Minutes Defensive
   Center                   Left Wing                Right Wing               Defense                  Defense                  
   Brayden Schenn           Nikolaj Ehlers           Jonathan Audy-MarchessaulVictor Hedman            John Carlson             

Goaltenders
Starting : Logan Thompson           
Backup : Ville Husso              

Extra Forwards
Normal : Sam Bennett, Brayden Schenn, Jonathan Audy-Marchessault - PP : Derick Brassard, Trevor Lewis - PK : Derick Brassard
Extra Defensemen
Normal : Luke Schenn, Caleb Jones, Adam Larsson - PP : Luke Schenn - PK : Caleb Jones, Adam Larsson
Penalty Shots
Brayden Schenn, Sean Kuraly, Jonathan Audy-Marchessault, Sam Bennett, Brandon Saad
Custom OT Lines Forwards
Brayden Schenn, Nikolaj Ehlers, Jonathan Audy-Marchessault, Sam Bennett, Brandon Saad, David Perron, Sean Kuraly, Trevor Lewis, Derick Brassard, Matthew Nieto
Custom OT Lines Defensemen
Victor Hedman, John Carlson, Adam Larsson, Erik Gustafsson, Luke Schenn

Scratches
None

OKANAGAN RATTLESNAKES

5 vs 5 Forward 
   Center                   Left Wing                Right Wing               Time % Phy DF OF 
 1 Jujhar Khaira            Anders Lee               T.J. Oshie               36     1   2  2  
 2 Lars Eller               Mike Hoffman             Blake Coleman            31     1   2  2  
 3 Casey Cizikas            Kevin Labanc             Stefan Noesen            23     1   2  2  
 4 Oskar Sundqvist          Pierre-Edouard Bellemare Nazem Kadri              10     1   2  2  

5 vs 5 Defense 
   Defense                  Defense                                           Time % Phy DF OF 
 1 Colton Parayko           Esa Lindell                                       36     1   2  2  
 2 Adam Clendening          Jeremy Lauzon                                     31     1   2  2  
 3 Arber Xhekaj             Jordie Benn                                       23     1   2  2  
 4 Colton Parayko           Esa Lindell                                       10     1   2  2  

PowerPlay Forward 
   Center                   Left Wing                Right Wing               Time % Phy DF OF 
 1 Oskar Sundqvist          Anders Lee               Casey Cizikas            55     1   2  2  
 2 Lars Eller               Mike Hoffman             Blake Coleman            45     1   2  2  

PowerPlay Defense
   Defense                  Defense                                           Time % Phy DF OF 
 1 Arber Xhekaj             Esa Lindell                                       55     1   2  2  
 2 Colton Parayko           Jeremy Lauzon                                     45     1   2  2  

Penalty Kill 4 Players Forward 
   Center                   Wing                     Time % Phy DF OF 
 1 Casey Cizikas            Oskar Sundqvist          55     1   2  2  
 2 Anders Lee               Lars Eller               45     1   2  2  

Penalty Kill 4 Players Defense
   Defense                  Defense                  Time % Phy DF OF 
 1 Esa Lindell              Arber Xhekaj             55     1   2  2  
 2 Colton Parayko           Jeremy Lauzon            45     1   2  2  

Penalty Kill - 3 Players Forward 
   Forward                                           Time % Phy DF OF 
 1 Anders Lee                                        55     1   2  2  
 2 Casey Cizikas                                     45     1   2  2  

Penalty Kill - 3 Players Defense
   Defense                  Defense                  Time % Phy DF OF 
 1 Esa Lindell              Jordie Benn              55     1   2  2  
 2 Arber Xhekaj             Jeremy Lauzon            45     1   2  2  

4 vs 4 Forward 
   Center                   Wing                     Time % Phy DF OF 
 1 T.J. Oshie               Casey Cizikas            55     1   2  2  
 2 Anders Lee               Lars Eller               45     1   2  2  

4 vs 4 Defense
   Defense                  Defense                  Time % Phy DF OF 
 1 Colton Parayko           Arber Xhekaj             55     1   2  2  
 2 Esa Lindell              Jeremy Lauzon            45     1   2  2  

Last Minutes Offensive
   Center                   Left Wing                Right Wing               Defense                  Defense                  
   Jujhar Khaira            Anders Lee               T.J. Oshie               Colton Parayko           Esa Lindell              

Last Minutes Defensive
   Center                   Left Wing                Right Wing               Defense                  Defense                  
   Jujhar Khaira            Anders Lee               T.J. Oshie               Colton Parayko           Esa Lindell              

Goaltenders
Starting : James Reimer             
Backup : Jack Campbell            

Extra Forwards
Normal : Anders Lee, Casey Cizikas, Oskar Sundqvist - PP : Anders Lee, Casey Cizikas - PK : Oskar Sundqvist
Extra Defensemen
Normal : Arber Xhekaj, Jordie Benn, Esa Lindell - PP : Arber Xhekaj - PK : Jordie Benn, Esa Lindell
Penalty Shots
Oskar Sundqvist, Jujhar Khaira, Anders Lee, Lars Eller, Casey Cizikas
Custom OT Lines Forwards
Jujhar Khaira, T.J. Oshie, Anders Lee, Lars Eller, Casey Cizikas, Mike Hoffman, Blake Coleman, Oskar Sundqvist, Kevin Labanc, Pierre-Edouard Bellemare
Custom OT Lines Defensemen
Colton Parayko, Jordie Benn, Esa Lindell, Jeremy Lauzon, Arber Xhekaj

Scratches
Austin Osmanski (Healthy), Colin White (Healthy), Josh Manson (Bruised Left Leg Injury), Spencer Martin (Healthy)

% Time on Ice - WINNIPEG BEAVERS

Lines # - Real PCT - Wanted PCT - Time Play
Normal Forward
1 - 29% - 36% - 13:51
2 - 30% - 34% - 14:22
3 - 29% - 27% - 13:53
4 - 13% - 3% - 6:14
Normal Defense
1 - 36% - 35% - 17:33
2 - 36% - 34% - 17:22
3 - 24% - 23% - 11:47
4 - 3% - 8% - 1:38
PP Forward
1 - 40% - 52% - 2:03
2 - 60% - 48% - 3:01
PP Defense
1 - 42% - 55% - 2:08
2 - 58% - 45% - 2:56
PK Forward
1 - 51% - 51% - 3:23
2 - 49% - 49% - 3:13
PK Defense
1 - 48% - 51% - 3:10
2 - 52% - 49% - 3:26
PK3 Forward
1 - 0% - 55%
2 - 0% - 45%
PK3 Defense
1 - 0% - 55%
2 - 0% - 45%
44 Forward
1 - 0% - 55%
2 - 0% - 45%
44 Defense
1 - 0% - 55%
2 - 0% - 45%
Last Minute Offensive  - 0:00
Last Minute Defensive  - 0:00
Total
Forward - 60:00
Defense - 60:00

% Time on Ice - OKANAGAN RATTLESNAKES

Lines # - Real PCT - Wanted PCT - Time Play
Normal Forward
1 - 36% - 36% - 17:12
2 - 30% - 31% - 14:37
3 - 20% - 23% - 9:36
4 - 14% - 10% - 6:55
Normal Defense
1 - 33% - 36% - 16:04
2 - 34% - 31% - 16:34
3 - 29% - 23% - 13:58
4 - 4% - 10% - 1:44
PP Forward
1 - 59% - 55% - 3:53
2 - 41% - 45% - 2:43
PP Defense
1 - 55% - 55% - 3:36
2 - 45% - 45% - 3:00
PK Forward
1 - 68% - 55% - 3:28
2 - 32% - 45% - 1:36
PK Defense
1 - 42% - 55% - 2:09
2 - 58% - 45% - 2:55
PK3 Forward
1 - 0% - 55%
2 - 0% - 45%
PK3 Defense
1 - 0% - 55%
2 - 0% - 45%
44 Forward
1 - 0% - 55%
2 - 0% - 45%
44 Defense
1 - 0% - 55%
2 - 0% - 45%
Last Minute Offensive  - 0:00
Last Minute Defensive  - 0:00
Total
Forward - 60:00
Defense - 60:00

Play-by-Play

1st period


0:01 of 1st period - Jujhar Khaira wins face-off versus Brayden Schenn in neutral zone.
1:24 of 1st period - Shot by Lars Eller.
1:24 of 1st period - Shot Misses the Net.
1:26 of 1st period - Shot by Blake Coleman.
1:26 of 1st period - Shot Misses the Net.
1:31 of 1st period - Icing by Adam Larsson.
1:32 of 1st period - Casey Cizikas wins face-off versus Sam Bennett in WINNIPEG BEAVERS zone.
1:49 of 1st period - Icing by Stefan Noesen.
1:50 of 1st period - Sean Kuraly wins face-off versus Casey Cizikas in OKANAGAN RATTLESNAKES zone.
2:02 of 1st period - Trevor Lewis is hit by Jordie Benn and loses puck.
2:20 of 1st period - Kevin Labanc is hit by Luke Schenn and loses puck.
2:28 of 1st period - Icing by Luke Schenn.
2:29 of 1st period - Sean Kuraly wins face-off versus Oskar Sundqvist in WINNIPEG BEAVERS zone.
2:31 of 1st period - Trevor Lewis is hit by Pierre-Edouard Bellemare and loses puck.
2:42 of 1st period - Shot by Colton Parayko.
2:42 of 1st period - Shot Misses the Net.
2:51 of 1st period - Pierre-Edouard Bellemare is hit by Luke Schenn and loses puck.
2:58 of 1st period - Shot by Nazem Kadri.
2:58 of 1st period - Stopped by Logan Thompson with a rebound.
3:00 of 1st period - Shot by Pierre-Edouard Bellemare.
3:00 of 1st period - Shot Misses the Net.
3:02 of 1st period - Shot by Colton Parayko.
3:02 of 1st period - Stopped by Logan Thompson without a rebound.
3:03 of 1st period - Brayden Schenn wins face-off versus Lars Eller in WINNIPEG BEAVERS zone.
3:19 of 1st period - Icing by Lars Eller.
3:20 of 1st period - Sam Bennett wins face-off versus Lars Eller in OKANAGAN RATTLESNAKES zone.
3:29 of 1st period - Shot by Sam Bennett.
3:29 of 1st period - Shot Misses the Net.
3:31 of 1st period - Shot by Sam Bennett.
3:31 of 1st period - Stopped by James Reimer without a rebound.
3:32 of 1st period - Jujhar Khaira wins face-off versus Brayden Schenn in OKANAGAN RATTLESNAKES zone.
3:55 of 1st period - Shot by Jujhar Khaira.
3:55 of 1st period - Stopped by Logan Thompson without a rebound.
3:56 of 1st period - Sam Bennett wins face-off versus Lars Eller in WINNIPEG BEAVERS zone.
4:51 of 1st period - Shot by Brayden Schenn.
4:51 of 1st period - Shot Blocked by Jeremy Lauzon.
5:13 of 1st period - Shot by Brayden Schenn.
5:13 of 1st period - Shot Blocked by Esa Lindell.
5:15 of 1st period - Shot by Brayden Schenn.
5:15 of 1st period - Shot Misses the Net.
5:17 of 1st period - Shot by John Carlson.
5:17 of 1st period - Deflect By Brayden Schenn.
5:17 of 1st period - Stopped by James Reimer without a rebound.
5:18 of 1st period - Derick Brassard wins face-off versus Casey Cizikas in OKANAGAN RATTLESNAKES zone.
7:03 of 1st period - Shot by Oskar Sundqvist.
7:03 of 1st period - Shot Misses the Net.
7:11 of 1st period - Nikolaj Ehlers is hit by Jeremy Lauzon and loses puck.
8:01 of 1st period - Shot by Mike Hoffman.
8:01 of 1st period - Stopped by Logan Thompson without a rebound.
8:02 of 1st period - Casey Cizikas wins face-off versus Cal Clutterbuck in WINNIPEG BEAVERS zone.
8:03 of 1st period - Shot by Kevin Labanc.
8:03 of 1st period - Stopped by Logan Thompson without a rebound.
8:04 of 1st period - Brayden Schenn wins face-off versus Casey Cizikas in WINNIPEG BEAVERS zone.
8:17 of 1st period - Shot by Brayden Schenn.
8:17 of 1st period - Shot Hit the Post.
8:19 of 1st period - Shot by Brayden Schenn.
8:19 of 1st period - Shot Misses the Net.
8:21 of 1st period - Shot by Brayden Schenn.
8:21 of 1st period - Stopped by James Reimer without a rebound.
8:22 of 1st period - Sean Kuraly wins face-off versus Jujhar Khaira in OKANAGAN RATTLESNAKES zone.
8:49 of 1st period - Shot by Jujhar Khaira.
8:49 of 1st period - Deflect By Anders Lee.
8:49 of 1st period - Stopped by Logan Thompson without a rebound.
8:50 of 1st period - Lars Eller wins face-off versus Brayden Schenn in WINNIPEG BEAVERS zone.
8:59 of 1st period - Esa Lindell is hit by David Perron and loses puck.
9:10 of 1st period - Shot by Nikolaj Ehlers.
9:10 of 1st period - Shot Misses the Net.
9:28 of 1st period - Shot by Brayden Schenn.
9:28 of 1st period - Shot Misses the Net.
9:30 of 1st period - Shot by Nikolaj Ehlers.
9:30 of 1st period - Stopped by James Reimer without a rebound.
9:31 of 1st period - Sam Bennett wins face-off versus Jujhar Khaira in OKANAGAN RATTLESNAKES zone.
9:32 of 1st period - Shot by John Carlson.
9:32 of 1st period - Stopped by James Reimer without a rebound.
9:33 of 1st period - Jujhar Khaira wins face-off versus Jonathan Audy-Marchessault in OKANAGAN RATTLESNAKES zone.
9:52 of 1st period - Shot by Jonathan Audy-Marchessault.
9:52 of 1st period - Deflect By Sam Bennett.
9:52 of 1st period - Shot Misses the Net.
9:56 of 1st period - Shot by Jonathan Audy-Marchessault.
9:56 of 1st period - Shot Misses the Net.
10:32 of 1st period - Shot by Stefan Noesen.
10:32 of 1st period - Stopped by Logan Thompson without a rebound.
10:33 of 1st period - Brayden Schenn wins face-off versus Lars Eller in WINNIPEG BEAVERS zone.
11:13 of 1st period - Shot by David Perron.
11:13 of 1st period - Shot Misses the Net.
11:18 of 1st period - Icing by Jordie Benn.
11:19 of 1st period - Lars Eller wins face-off versus Sean Kuraly in OKANAGAN RATTLESNAKES zone.
11:19 of 1st period - Lars Eller is hit by Sean Kuraly.
12:12 of 1st period - Shot by Stefan Noesen.
12:12 of 1st period - Stopped by Logan Thompson without a rebound.
12:13 of 1st period - Jujhar Khaira wins face-off versus Jonathan Audy-Marchessault in WINNIPEG BEAVERS zone.
12:50 of 1st period - Shot by Sam Bennett.
12:50 of 1st period - Stopped by James Reimer without a rebound.
12:51 of 1st period - Brayden Schenn wins face-off versus Oskar Sundqvist in OKANAGAN RATTLESNAKES zone.
13:07 of 1st period - Shot by Brayden Schenn.
13:07 of 1st period - Stopped by James Reimer without a rebound.
13:08 of 1st period - Brayden Schenn wins face-off versus Kevin Labanc in OKANAGAN RATTLESNAKES zone.
13:16 of 1st period - Minor Penalty to Adam Larsson for Slashing.
13:17 of 1st period - Sam Bennett wins face-off versus Oskar Sundqvist in WINNIPEG BEAVERS zone.
13:32 of 1st period - Shot by Anders Lee.
13:32 of 1st period - Stopped by Logan Thompson with a rebound.
13:34 of 1st period - Shot by Esa Lindell.
13:34 of 1st period - Stopped by Logan Thompson with a rebound.
13:36 of 1st period - Shot by Esa Lindell.
13:36 of 1st period - Deflect By Anders Lee.
13:36 of 1st period - Goal by Anders Lee - WINNIPEG BEAVERS : 0 - OKANAGAN RATTLESNAKES : 1.
13:37 of 1st period - Lars Eller wins face-off versus Sam Bennett in neutral zone.
14:03 of 1st period - Shot by Sam Bennett.
14:03 of 1st period - Stopped by James Reimer without a rebound.
14:04 of 1st period - Brayden Schenn wins face-off versus Jujhar Khaira in OKANAGAN RATTLESNAKES zone.
15:25 of 1st period - Jeremy Lauzon is hit by Trevor Lewis.
16:04 of 1st period - Shot by Sam Bennett.
16:04 of 1st period - Stopped by James Reimer without a rebound.
16:05 of 1st period - Lars Eller wins face-off versus Matthew Nieto in OKANAGAN RATTLESNAKES zone.
16:23 of 1st period - Shot by Blake Coleman.
16:23 of 1st period - Shot Misses the Net.
16:25 of 1st period - Shot by Arber Xhekaj.
16:25 of 1st period - Shot Blocked by Erik Gustafsson.
16:27 of 1st period - Shot by Blake Coleman.
16:27 of 1st period - Shot Blocked by Cal Clutterbuck.
16:43 of 1st period - Shot by Blake Coleman.
16:43 of 1st period - Shot Misses the Net.
18:56 of 1st period - Shot by Sean Kuraly.
18:56 of 1st period - Shot Misses the Net.
19:10 of 1st period - Shot by Kevin Labanc.
19:10 of 1st period - Stopped by Logan Thompson without a rebound.
19:11 of 1st period - Blake Coleman wins face-off versus Brayden Schenn in WINNIPEG BEAVERS zone.
19:11 of 1st period - Mike Hoffman is hit by Victor Hedman and loses puck.
19:20 of 1st period - Shot by David Perron.
19:20 of 1st period - Stopped by James Reimer without a rebound.
19:21 of 1st period - Brayden Schenn wins face-off versus Oskar Sundqvist in OKANAGAN RATTLESNAKES zone.
19:40 of 1st period - Shot by Brayden Schenn.
19:40 of 1st period - Stopped by James Reimer with a rebound.
19:42 of 1st period - Shot by Brayden Schenn.
19:42 of 1st period - Stopped by James Reimer with a rebound.
19:53 of 1st period - Icing by Pierre-Edouard Bellemare.
19:54 of 1st period - Sam Bennett wins face-off versus Oskar Sundqvist in OKANAGAN RATTLESNAKES zone.
19:57 of 1st period - Shot by Jonathan Audy-Marchessault.
19:57 of 1st period - Stopped by James Reimer with a rebound.
Goals for this period are 0 for WINNIPEG BEAVERS vs 1 for OKANAGAN RATTLESNAKES.
Shots for this period are 13 for WINNIPEG BEAVERS vs 12 for OKANAGAN RATTLESNAKES.

2nd period


0:01 of 2nd period - Brayden Schenn wins face-off versus Lars Eller in neutral zone.
0:06 of 2nd period - Shot by David Perron.
0:06 of 2nd period - Shot Misses the Net.
0:08 of 2nd period - Shot by Victor Hedman.
0:08 of 2nd period - Stopped by James Reimer without a rebound.
0:09 of 2nd period - Casey Cizikas wins face-off versus Brayden Schenn in OKANAGAN RATTLESNAKES zone.
0:28 of 2nd period - Shot by Kevin Labanc.
0:28 of 2nd period - Goal by Kevin Labanc - WINNIPEG BEAVERS : 0 - OKANAGAN RATTLESNAKES : 2.
0:28 of 2nd period - Ville Husso enters game.
0:29 of 2nd period - Mike Hoffman wins face-off versus Sam Bennett in neutral zone.
0:40 of 2nd period - Shot by Brandon Saad.
0:40 of 2nd period - Shot Blocked by Lars Eller.
0:44 of 2nd period - Shot by Brandon Saad.
0:44 of 2nd period - Shot Misses the Net.
0:46 of 2nd period - Shot by Luke Schenn.
0:46 of 2nd period - Shot Misses the Net.
0:48 of 2nd period - Shot by Caleb Jones.
0:48 of 2nd period - Goal by Caleb Jones - WINNIPEG BEAVERS : 1 - OKANAGAN RATTLESNAKES : 2.
0:49 of 2nd period - Jujhar Khaira wins face-off versus Brayden Schenn in neutral zone.
0:57 of 2nd period - Icing by John Carlson.
0:58 of 2nd period - Lars Eller wins face-off versus Brayden Schenn in WINNIPEG BEAVERS zone.
1:02 of 2nd period - Minor Penalty to Victor Hedman for Hooking.
1:03 of 2nd period - Oskar Sundqvist wins face-off versus Sam Bennett in WINNIPEG BEAVERS zone.
1:17 of 2nd period - Shot by Casey Cizikas.
1:17 of 2nd period - Shot Misses the Net.
1:39 of 2nd period - Shot by Casey Cizikas.
1:39 of 2nd period - Stopped by Ville Husso without a rebound.
1:40 of 2nd period - Lars Eller wins face-off versus Sean Kuraly in WINNIPEG BEAVERS zone.
1:58 of 2nd period - Icing by Colton Parayko.
1:59 of 2nd period - Sean Kuraly wins face-off versus Lars Eller in OKANAGAN RATTLESNAKES zone.
2:10 of 2nd period - Shot by Lars Eller.
2:10 of 2nd period - Stopped by Ville Husso with a rebound.
2:12 of 2nd period - Shot by Jeremy Lauzon.
2:12 of 2nd period - Shot Misses the Net.
2:14 of 2nd period - Shot by Colton Parayko.
2:14 of 2nd period - Shot Misses the Net.
2:25 of 2nd period - Shot by Blake Coleman.
2:25 of 2nd period - Deflect By Mike Hoffman.
2:25 of 2nd period - Stopped by Ville Husso without a rebound.
2:26 of 2nd period - Sam Bennett wins face-off versus Oskar Sundqvist in WINNIPEG BEAVERS zone.
2:58 of 2nd period - Anders Lee is hit by Luke Schenn and loses puck.
3:01 of 2nd period - Shot by Esa Lindell.
3:01 of 2nd period - Shot Misses the Net.
3:27 of 2nd period - Shot by Brayden Schenn.
3:27 of 2nd period - Shot Misses the Net.
5:00 of 2nd period - Icing by Sean Kuraly.
5:01 of 2nd period - Sean Kuraly wins face-off versus Casey Cizikas in WINNIPEG BEAVERS zone.
5:17 of 2nd period - Off-side.
5:18 of 2nd period - Brayden Schenn wins face-off versus Nazem Kadri in neutral zone.
5:24 of 2nd period - Nazem Kadri is hit by Victor Hedman and loses puck.
5:36 of 2nd period - Oskar Sundqvist is hit by Erik Gustafsson.
6:44 of 2nd period - Sam Bennett is hit by Arber Xhekaj and loses puck.
6:54 of 2nd period - Sam Bennett is hit by Arber Xhekaj and loses puck.
7:24 of 2nd period - Off-side.
7:25 of 2nd period - Casey Cizikas wins face-off versus Sean Kuraly in neutral zone.
7:47 of 2nd period - Trevor Lewis is hit by Jeremy Lauzon and loses puck.
8:53 of 2nd period - Icing by Victor Hedman.
8:54 of 2nd period - Lars Eller wins face-off versus Matthew Nieto in WINNIPEG BEAVERS zone.
8:55 of 2nd period - Shot by Blake Coleman.
8:55 of 2nd period - Stopped by Ville Husso without a rebound.
8:56 of 2nd period - Lars Eller wins face-off versus Sam Bennett in WINNIPEG BEAVERS zone.
9:11 of 2nd period - Shot by Mike Hoffman.
9:11 of 2nd period - Shot Blocked by Caleb Jones.
9:13 of 2nd period - Shot by Lars Eller.
9:13 of 2nd period - Deflect By Blake Coleman.
9:13 of 2nd period - Shot Misses the Net.
9:33 of 2nd period - Shot by Mike Hoffman.
9:33 of 2nd period - Stopped by Ville Husso without a rebound.
9:34 of 2nd period - T.J. Oshie wins face-off versus Sean Kuraly in WINNIPEG BEAVERS zone.
9:35 of 2nd period - Shot by Anders Lee.
9:35 of 2nd period - Shot Misses the Net.
10:26 of 2nd period - Brayden Schenn is hit by Jeremy Lauzon.
10:31 of 2nd period - Minor Penalty to Jeremy Lauzon for Hooking.
10:32 of 2nd period - Sam Bennett wins face-off versus Casey Cizikas in OKANAGAN RATTLESNAKES zone.
10:58 of 2nd period - Shot by David Perron.
10:58 of 2nd period - Shot Misses the Net.
11:00 of 2nd period - Shot by Victor Hedman.
11:00 of 2nd period - Stopped by James Reimer without a rebound.
11:01 of 2nd period - Casey Cizikas wins face-off versus Nikolaj Ehlers in OKANAGAN RATTLESNAKES zone.
11:07 of 2nd period - Icing by Adam Larsson.
11:08 of 2nd period - Casey Cizikas wins face-off versus Brayden Schenn in WINNIPEG BEAVERS zone.
11:08 of 2nd period - Casey Cizikas is hit by Adam Larsson.
12:17 of 2nd period - Shot by John Carlson.
12:17 of 2nd period - Stopped by James Reimer without a rebound.
12:18 of 2nd period - Sam Bennett wins face-off versus Anders Lee in OKANAGAN RATTLESNAKES zone.
12:37 of 2nd period - Shot by Derick Brassard.
12:37 of 2nd period - Shot Misses the Net.
12:39 of 2nd period - Shot by Sean Kuraly.
12:39 of 2nd period - Stopped by James Reimer without a rebound.
12:40 of 2nd period - Sean Kuraly wins face-off versus Lars Eller in OKANAGAN RATTLESNAKES zone.
12:57 of 2nd period - Shot by Trevor Lewis.
12:57 of 2nd period - Stopped by James Reimer without a rebound.
12:58 of 2nd period - Jujhar Khaira wins face-off versus Brayden Schenn in OKANAGAN RATTLESNAKES zone.
13:30 of 2nd period - Anders Lee is hit by Erik Gustafsson and loses puck.
14:13 of 2nd period - Shot by John Carlson.
14:13 of 2nd period - Stopped by James Reimer without a rebound.
14:14 of 2nd period - Sean Kuraly wins face-off versus Lars Eller in OKANAGAN RATTLESNAKES zone.
14:39 of 2nd period - Lars Eller is hit by Trevor Lewis and loses puck.
15:06 of 2nd period - Shot by Stefan Noesen.
15:06 of 2nd period - Shot Blocked by Caleb Jones.
15:26 of 2nd period - Shot by Casey Cizikas.
15:26 of 2nd period - Goal by Casey Cizikas - WINNIPEG BEAVERS : 1 - OKANAGAN RATTLESNAKES : 3.
15:27 of 2nd period - Brayden Schenn wins face-off versus Oskar Sundqvist in neutral zone.
15:59 of 2nd period - Shot by Nazem Kadri.
15:59 of 2nd period - Stopped by Ville Husso without a rebound.
16:00 of 2nd period - Sam Bennett wins face-off versus Casey Cizikas in WINNIPEG BEAVERS zone.
16:00 of 2nd period - Sam Bennett is hit by Jeremy Lauzon.
16:08 of 2nd period - Shot by Brandon Saad.
16:08 of 2nd period - Stopped by James Reimer without a rebound.
16:09 of 2nd period - Sam Bennett wins face-off versus Blake Coleman in OKANAGAN RATTLESNAKES zone.
16:34 of 2nd period - Blake Coleman is hit by Sam Bennett and loses puck.
17:00 of 2nd period - Minor Penalty to Casey Cizikas for Tripping.
17:01 of 2nd period - Blake Coleman wins face-off versus Brayden Schenn in OKANAGAN RATTLESNAKES zone.
17:01 of 2nd period - Blake Coleman is hit by Brayden Schenn.
17:15 of 2nd period - Off-side.
17:16 of 2nd period - Sam Bennett wins face-off versus Blake Coleman in neutral zone.
17:19 of 2nd period - Blake Coleman is hit by David Perron.
18:17 of 2nd period - Icing by Victor Hedman.
18:18 of 2nd period - Brayden Schenn wins face-off versus Blake Coleman in WINNIPEG BEAVERS zone.
18:18 of 2nd period - Brayden Schenn is hit by Blake Coleman.
19:04 of 2nd period - Minor Penalty to Sean Kuraly for Slashing.
19:05 of 2nd period - Mike Hoffman wins face-off versus Derick Brassard in WINNIPEG BEAVERS zone.
19:14 of 2nd period - Luke Schenn is hit by Lars Eller and loses puck.
19:23 of 2nd period - Shot by Blake Coleman.
19:23 of 2nd period - Goal by Blake Coleman - WINNIPEG BEAVERS : 1 - OKANAGAN RATTLESNAKES : 4.
19:23 of 2nd period - Logan Thompson enters game.
19:24 of 2nd period - Brayden Schenn wins face-off versus Jujhar Khaira in neutral zone.
19:48 of 2nd period - Icing by Arber Xhekaj.
19:49 of 2nd period - Derick Brassard wins face-off versus Jujhar Khaira in OKANAGAN RATTLESNAKES zone.
19:58 of 2nd period - Shot by Anders Lee.
19:58 of 2nd period - Shot Misses the Net.
Goals for this period are 1 for WINNIPEG BEAVERS vs 3 for OKANAGAN RATTLESNAKES.
Shots for this period are 8 for WINNIPEG BEAVERS vs 9 for OKANAGAN RATTLESNAKES.

3rd period


0:01 of 3rd period - Brayden Schenn wins face-off versus Casey Cizikas in neutral zone.
0:04 of 3rd period - Shot by Nikolaj Ehlers.
0:04 of 3rd period - Stopped by James Reimer without a rebound.
0:05 of 3rd period - Brayden Schenn wins face-off versus Jujhar Khaira in OKANAGAN RATTLESNAKES zone.
0:34 of 3rd period - Shot by Brayden Schenn.
0:34 of 3rd period - Stopped by James Reimer without a rebound.
0:35 of 3rd period - Sam Bennett wins face-off versus Casey Cizikas in OKANAGAN RATTLESNAKES zone.
0:44 of 3rd period - Shot by Sam Bennett.
0:44 of 3rd period - Stopped by James Reimer with a rebound.
0:59 of 3rd period - Shot by Stefan Noesen.
0:59 of 3rd period - Shot Misses the Net.
1:01 of 3rd period - Shot by Kevin Labanc.
1:01 of 3rd period - Goal by Kevin Labanc - WINNIPEG BEAVERS : 1 - OKANAGAN RATTLESNAKES : 5.
1:02 of 3rd period - Brayden Schenn wins face-off versus Mike Hoffman in neutral zone.
1:10 of 3rd period - Blake Coleman is hit by John Carlson and loses puck.
1:12 of 3rd period - Minor Penalty to Adam Larsson for Tripping.
1:13 of 3rd period - Sam Bennett wins face-off versus Oskar Sundqvist in WINNIPEG BEAVERS zone.
1:21 of 3rd period - Icing by Esa Lindell.
1:22 of 3rd period - Sam Bennett wins face-off versus Oskar Sundqvist in OKANAGAN RATTLESNAKES zone.
2:03 of 3rd period - Esa Lindell is hit by Sam Bennett.
2:12 of 3rd period - Icing by Casey Cizikas.
2:13 of 3rd period - Nikolaj Ehlers wins face-off versus Oskar Sundqvist in OKANAGAN RATTLESNAKES zone.
3:27 of 3rd period - Icing by T.J. Oshie.
3:28 of 3rd period - Sean Kuraly wins face-off versus Jujhar Khaira in OKANAGAN RATTLESNAKES zone.
3:39 of 3rd period - Shot by T.J. Oshie.
3:39 of 3rd period - Stopped by Logan Thompson with a rebound.
3:41 of 3rd period - Shot by Jeremy Lauzon.
3:41 of 3rd period - Shot Misses the Net.
3:43 of 3rd period - Shot by T.J. Oshie.
3:43 of 3rd period - Shot Misses the Net.
4:06 of 3rd period - Icing by Esa Lindell.
4:07 of 3rd period - Casey Cizikas wins face-off versus Brayden Schenn in OKANAGAN RATTLESNAKES zone.
4:14 of 3rd period - Shot by Kevin Labanc.
4:14 of 3rd period - Stopped by Logan Thompson without a rebound.
4:15 of 3rd period - Oskar Sundqvist wins face-off versus Brayden Schenn in WINNIPEG BEAVERS zone.
4:20 of 3rd period - Shot by Nazem Kadri.
4:20 of 3rd period - Shot Blocked by Adam Larsson.
4:26 of 3rd period - John Carlson is hit by Pierre-Edouard Bellemare and loses puck.
4:38 of 3rd period - David Perron is hit by Arber Xhekaj and loses puck.
5:00 of 3rd period - Off-side.
5:01 of 3rd period - Lars Eller wins face-off versus Sam Bennett in neutral zone.
5:12 of 3rd period - Shot by Mike Hoffman.
5:12 of 3rd period - Shot Misses the Net.
5:14 of 3rd period - Shot by Lars Eller.
5:14 of 3rd period - Shot Blocked by Victor Hedman.
5:22 of 3rd period - Shot by Mike Hoffman.
5:22 of 3rd period - Stopped by Logan Thompson without a rebound.
5:23 of 3rd period - Sean Kuraly wins face-off versus Jujhar Khaira in WINNIPEG BEAVERS zone.
5:48 of 3rd period - Shot by Sean Kuraly.
5:48 of 3rd period - Shot Misses the Net.
5:52 of 3rd period - Shot by Derick Brassard.
5:52 of 3rd period - Shot Misses the Net.
5:54 of 3rd period - Shot by Luke Schenn.
5:54 of 3rd period - Deflect By Derick Brassard.
5:54 of 3rd period - Shot Blocked by Jeremy Lauzon.
5:56 of 3rd period - Shot by Caleb Jones.
5:56 of 3rd period - Stopped by James Reimer without a rebound.
5:57 of 3rd period - Lars Eller wins face-off versus Brayden Schenn in OKANAGAN RATTLESNAKES zone.
6:06 of 3rd period - Shot by David Perron.
6:06 of 3rd period - Stopped by James Reimer without a rebound.
6:07 of 3rd period - Casey Cizikas wins face-off versus Sam Bennett in OKANAGAN RATTLESNAKES zone.
6:19 of 3rd period - Brandon Saad is hit by Esa Lindell and loses puck.
6:31 of 3rd period - Icing by Adam Larsson.
6:32 of 3rd period - Sam Bennett wins face-off versus Lars Eller in WINNIPEG BEAVERS zone.
7:21 of 3rd period - Blake Coleman is hit by Brayden Schenn and loses puck.
8:28 of 3rd period - Shot by Trevor Lewis.
8:28 of 3rd period - Stopped by James Reimer with a rebound.
9:27 of 3rd period - Shot by Brayden Schenn.
9:27 of 3rd period - Stopped by James Reimer with a rebound.
9:59 of 3rd period - Shot by Sam Bennett.
9:59 of 3rd period - Shot Blocked by Jeremy Lauzon.
10:01 of 3rd period - Shot by Victor Hedman.
10:01 of 3rd period - Shot Misses the Net.
10:03 of 3rd period - Shot by Victor Hedman.
10:03 of 3rd period - Stopped by James Reimer without a rebound.
10:04 of 3rd period - Jujhar Khaira wins face-off versus Sean Kuraly in OKANAGAN RATTLESNAKES zone.
10:15 of 3rd period - Shot by Colton Parayko.
10:15 of 3rd period - Stopped by Logan Thompson without a rebound.
10:16 of 3rd period - Sam Bennett wins face-off versus Casey Cizikas in WINNIPEG BEAVERS zone.
10:30 of 3rd period - Shot by Jonathan Audy-Marchessault.
10:30 of 3rd period - Stopped by James Reimer without a rebound.
10:31 of 3rd period - Sean Kuraly wins face-off versus Jujhar Khaira in OKANAGAN RATTLESNAKES zone.
10:59 of 3rd period - Jujhar Khaira is hit by Luke Schenn and loses puck.
11:04 of 3rd period - Shot by T.J. Oshie.
11:04 of 3rd period - Shot Misses the Net.
11:06 of 3rd period - Shot by Esa Lindell.
11:06 of 3rd period - Stopped by Logan Thompson with a rebound.
12:08 of 3rd period - Shot by Nikolaj Ehlers.
12:08 of 3rd period - Shot Misses the Net.
12:30 of 3rd period - Shot by Sam Bennett.
12:30 of 3rd period - Shot Misses the Net.
12:32 of 3rd period - Shot by Brandon Saad.
12:32 of 3rd period - Stopped by James Reimer without a rebound.
12:33 of 3rd period - Sam Bennett wins face-off versus Oskar Sundqvist in OKANAGAN RATTLESNAKES zone.
12:53 of 3rd period - Sam Bennett is hit by Colton Parayko and loses puck.
13:03 of 3rd period - Sam Bennett is hit by Esa Lindell and loses puck.
14:09 of 3rd period - Icing by Brayden Schenn.
14:10 of 3rd period - Brayden Schenn wins face-off versus Jujhar Khaira in WINNIPEG BEAVERS zone.
14:17 of 3rd period - Jujhar Khaira is hit by Cal Clutterbuck and loses puck.
15:34 of 3rd period - Shot by Sam Bennett.
15:34 of 3rd period - Stopped by James Reimer without a rebound.
15:35 of 3rd period - Brayden Schenn wins face-off versus Oskar Sundqvist in OKANAGAN RATTLESNAKES zone.
15:36 of 3rd period - Shot by Nikolaj Ehlers.
15:36 of 3rd period - Stopped by James Reimer without a rebound.
15:37 of 3rd period - Lars Eller wins face-off versus Brayden Schenn in OKANAGAN RATTLESNAKES zone.
15:44 of 3rd period - Shot by Blake Coleman.
15:44 of 3rd period - Stopped by Logan Thompson with a rebound.
15:54 of 3rd period - Shot by Mike Hoffman.
15:54 of 3rd period - Stopped by Logan Thompson without a rebound.
15:55 of 3rd period - Sam Bennett wins face-off versus Casey Cizikas in WINNIPEG BEAVERS zone.
16:13 of 3rd period - Shot by Victor Hedman.
16:13 of 3rd period - Deflect By Jonathan Audy-Marchessault.
16:13 of 3rd period - Shot Misses the Net.
16:15 of 3rd period - Shot by Erik Gustafsson.
16:15 of 3rd period - Stopped by James Reimer without a rebound.
16:16 of 3rd period - Lars Eller wins face-off versus Brayden Schenn in OKANAGAN RATTLESNAKES zone.
16:16 of 3rd period - Lars Eller is hit by Nikolaj Ehlers.
16:27 of 3rd period - Minor Penalty to Adam Larsson for Holding.
16:28 of 3rd period - Lars Eller wins face-off versus Sam Bennett in WINNIPEG BEAVERS zone.
17:17 of 3rd period - Icing by Lars Eller.
17:18 of 3rd period - Lars Eller wins face-off versus Sean Kuraly in OKANAGAN RATTLESNAKES zone.
18:09 of 3rd period - Shot by Anders Lee.
18:09 of 3rd period - Stopped by Logan Thompson without a rebound.
18:10 of 3rd period - Casey Cizikas wins face-off versus Sam Bennett in WINNIPEG BEAVERS zone.
18:31 of 3rd period - Victor Hedman is hit by Jujhar Khaira and loses puck.
18:49 of 3rd period - Erik Gustafsson is hit by T.J. Oshie and loses puck.
18:53 of 3rd period - Minor Penalty to Jordie Benn for Hooking.
18:54 of 3rd period - Casey Cizikas wins face-off versus Sam Bennett in OKANAGAN RATTLESNAKES zone.
19:19 of 3rd period - Shot by Brandon Saad.
19:19 of 3rd period - Deflect By David Perron.
19:19 of 3rd period - Shot Misses the Net.
Goals for this period are 0 for WINNIPEG BEAVERS vs 1 for OKANAGAN RATTLESNAKES.
Shots for this period are 13 for WINNIPEG BEAVERS vs 9 for OKANAGAN RATTLESNAKES.


BLAKE
WHEELER
STEVEN
STAMKOS
DREW
DOUGHTY

EAST COAST

HOCKEY LEAGUE

  • 63.RHI2PIT5
  • 64.WOR4ATL3
  • 65.QUECHW
  • 66.CHATRV